 Dungeon Crawl Stone Soup version 0.30-a0-883-g5ad918d77d (webtiles) character file.

Game seed: 3501479996515106057

14012 Demosthentine the Fighter (level 11, -11/121 HPs)
             Began as a Demonspawn Gladiator on Mar 16, 2023.
             Was a Priest of Hepliaklqana.
             Killed from afar by a frost giant (33 damage)
             ... with a bolt of cold
             ... on level 9 of the Dungeon.
             The game lasted 00:16:44 (11228 turns).

Demosthentine the Fighter (Demonspawn Gladiator)   Turns: 11228, Time: 00:16:45

Health: -11/121    AC: 15    Str: 17    XL:     11   Next: 83%
Magic:  17/17      EV: 17    Int: 10    God:    Hepliaklqana [***...]
Gold:   1066       SH:  8    Dex: 16    Spells: 10/10 levels left

rFire   + . .      SeeInvis .    a - +1 trident
rCold   . . .      Faith    .    (no shield)
rNeg    . . .      Spirit   .    H - +0 steam dragon scales
rPois   +          Reflect  .    c - +1 helmet
rElec   .          Rampage  .    B - +1 cloak
rCorr   .                        (no gloves)
Will    .....                    r - +0 pair of boots Stlth
                                 (no amulet)
HPRegen 0.40/turn                m - ring of poison resistance
MPRegen 0.15/turn                N - ring of flight

@: mighty, berserking, flying, very quick
A: reduced essence, icy blue scales 2, powered by pain 1, condensation shield,
demonic touch 1, large bone plates 1, fire resistance 1, sense surroundings 1
a: Renounce Religion, Recall Ancestor, Ancestor Identity, Transference


You were on level 9 of the Dungeon.
You worshipped Hepliaklqana.
Hepliaklqana was most pleased with you.
You visited 2 branches of the dungeon, and saw 11 of its levels.
You also visited: Bailey.

You collected 1066 gold pieces.

Inventory:

Hand Weapons
 a - a +1 trident (weapon)
Missiles
 e - 6 javelins (quivered)
Armour
 c - a +1 helmet (worn)
 r - a +0 pair of boots (worn)
 B - a +1 cloak (worn)
 H - +0 steam dragon scales (worn)
 K - a +0 buckler
Jewellery
 m - a ring of poison resistance (left hand)
 u - a +4 ring of protection
 N - a ring of flight (right hand)
Wands
 d - a wand of digging (6)
 l - a wand of polymorph (12)
 x - a wand of acid (6)
 y - a wand of flame (3)
 A - a wand of roots (14)
 F - a wand of mindburst (35)
Scrolls
 b - 2 scrolls of identify
 g - 2 scrolls of teleportation
 i - 4 scrolls of enchant weapon
 j - 2 scrolls of fear
 n - 5 scrolls of magic mapping
 p - a scroll of poison
 t - 2 scrolls of noise
 D - 3 scrolls of enchant armour
 G - a scroll of amnesia
Potions
 f - a potion of flight
 h - 4 potions of attraction
 k - a potion of haste
 o - 2 potions of magic
 s - 3 potions of lignification
 v - 2 potions of brilliance
 w - 4 potions of mutation
 z - 2 potions of might
 C - 2 potions of curing
 E - 2 potions of resistance
 J - a potion of heal wounds
 M - 2 potions of ambrosia


   Skills:
 + Level 9.9 Fighting
 + Level 9.4 Polearms
 - Level 1.7 Throwing
 - Level 6.2 Armour
 + Level 9.3 Dodging
 + Level 1.9 Shields
 + Level 8.5 Invocations


You had 10 spell levels left.
You didn't know any spells.
Your spell library contained the following spells:

 Spells                   Type           Power      Damage    Failure   Level
 Sandblast                Erth           0%         2d4       36%         1
 Sting                    Tmut/Pois      0%         1d3       36%         1
 Summon Small Mammal      Summ           0%         N/A       36%         1
 Passwall                 Tmut/Erth      0%         N/A       50%         2
 Poisonous Vapours        Pois/Air       0%         N/A       50%         2
 Frozen Ramparts          Ice            0%         1d1       75%         3
 Ignite Poison            Fire/Tmut/Pois 0%         N/A       75%         3
 Stone Arrow              Conj/Erth      0%         3d7       75%         3
 Ice Form                 Ice/Tmut       0%         N/A       98%         4
 Olgreb's Toxic Radiance  Pois           0%         N/A       98%         4
 Sticky Flame             Conj/Fire      0%         2d3       98%         4
 Summon Ice Beast         Ice/Summ       0%         N/A       98%         4
 Ignition                 Fire           0%         3d3       100%        8


Dungeon Overview and Level Annotations

Branches:
Dungeon (10/15)            Temple (1/1) D:4             Orc (0/2) D:9
 Bailey (visited)
   Lair: D:8-11

Altars:
Ashenzari
Cheibriados
Dithmenos
Fedhas
Gozag
Hepliaklqana
Kikubaaqudgha
Makhleb
Nemelex Xobeh
Okawaru
Qazlal
Ru
Sif Muna
Trog
Uskayaw
Vehumet
Wu Jian
Xom
Yredelemnul

Annotations:
D:9 exclusion: ice statue


Innate Abilities, Weirdness & Mutations

Your life essence is reduced to manifest your ancestor. (-10% HP)
You are mostly covered in icy blue scales. (AC +3)
You sometimes gain a little power by taking damage.
A meltable shield of frost defends you. (SH +4)
Your touch may inflict minor irresistible damage on your foes.
You are partially covered in large bone plates. (SH +4)
Your flesh is heat resistant. (rF+)
You passively map a small area around you.


Message History

The frost giant is engulfed in freezing vapours.
The frost giant hits you with a +0 battleaxe of freezing!!
You focus on the pain.
You feel very mighty all of a sudden. The frost giant freezes you!
The frost giant hits Rabi with a +0 battleaxe of freezing!!
The frost giant freezes Rabi.
Unknown command.
A red film seems to cover your vision as you go berserk!
You feel yourself moving faster!
You feel mighty!
Rabi hits the frost giant with a +0 dagger of draining.
The ice beast hits Rabi but does no damage.
You are too injured to fight recklessly!
You are too injured to fight recklessly!
You are too injured to fight recklessly!
You are too injured to fight recklessly!
You barely miss the frost giant.
You touch the frost giant.
The frost giant is lightly wounded.
Rabi hits the frost giant with a +0 dagger of draining.
The frost giant hits you with a +0 battleaxe of freezing!!
* * * LOW HITPOINT WARNING * * *
You focus on the pain.
You feel mightier all of a sudden. The frost giant freezes you!
* * * LOW HITPOINT WARNING * * *
The frost giant hits Rabi with a +0 battleaxe of freezing!
The frost giant freezes Rabi.
You puncture the frost giant!
You touch the frost giant!
The frost giant is moderately wounded.
Rabi hits the frost giant with a +0 dagger of draining!
Rabi drains the frost giant.
The ice beast hits Rabi.
The ice beast freezes Rabi.
Rabi resists.
Rabi is destroyed!
You hit the frost giant but do no damage.
You touch the frost giant!
The frost giant is heavily wounded.
The frost giant casts a spell at you. The bolt of cold hits you!!
You die...

*~***≈≈# #≈≈≈≈≈≈≈
**,**≈≈## ##≈≈≈≈≈≈≈
**##≈≈≈* #≈Y≈≈≈≈≈≈
####≈≈≈~*###≈≈≈≈≈≈≈~
##~≈≈≈≈~*##≈≈≈≈≈≈≈≈≈~
*#.≈≈≈≈####≈≈≈≈≈≈≈≈≈≈~
*,*#≈≈≈≈Y≈≈≈≈≈≈≈≈≈≈≈≈≈
***#≈≈C≈Y####≈≈≈≈S≈≈≈≈
*~##@#°## #≈≈≈≈≈≈≈≈≈
#≈≈≈##o{#**#≈≈≈≈≈≈≈≈≈
*#≈≈≈*.o..≈~#≈≈≈≈≈≈≈##
**#≈≈≈##.o..~≈≈≈≈≈≈≈≈≈#*
*!≈≈##*##...~≈≈≈##~~~≈#
####* #..##≈≈≈#*#.≈##
####*#≈#* **** ***


You could see a frost giant (drained) and 2 ice beasts.

Vanquished Creatures
  An ice dragon (D:9)
  Pikel (D:7)
  An orc knight (Bailey)
  An orc sorcerer (Bailey)
  An ugly thing (D:8)
  2 gargoyles
  2 kobold demonologists
  A tengu conjurer (D:8)
  Prince Ribbit (D:6)
  A troll (D:9)
  Sigmund (D:2)
  2 wyverns
  A vampire (D:10)
  7 yaks (D:8)
  Eustachio (D:5)
  Menkaure (D:7)
  A steam dragon (D:7)
  10 orc warriors
  12 ice beasts
  A sky beast (D:7)
  3 ogres (D:9)
  4 centaurs
  8 kobold brigands
  4 bullfrogs
  2 scorpions
  5 gnoll sergeants (D:9)
  9 wights
  2 killer bees (D:10)
  2 howler monkeys
  4 electric eels
  6 jellies
  3 gnoll boudas
  3 hounds
  Jessica (D:2)
  5 iguanas
  2 sleepcaps (D:5)
  11 orc wizards
  22 gnolls
  8 adders
  A shadow imp (D:7)
  2 ufetubi (D:4)
  3 worms (D:2)
  2 dart slugs
  49 orcs
  3 ball pythons
  2 endoplasms (D:4)
  15 hobgoblins
  9 jackals
  17 kobolds
  8 quokkas
  4 bats
  3 frilled lizards (D:2)
  11 goblins
  3 rats (D:1)
  A spectral orc (D:10)
286 creatures vanquished.

Vanquished Creatures (collateral kills)
  Joseph (D:8)
  2 wyverns
  A steam dragon (D:7)
  An acid dragon (D:10)
  2 ice beasts (D:9)
  A centaur (D:8)
  3 kobold brigands
  3 wights (D:10)
  3 killer bees
  A howler monkey (D:10)
  3 electric eels
  3 orc priests
  An iguana (D:7)
  8 orc wizards
  A gnoll (Bailey)
  11 orcs
  4 goblins
  6 kobolds
55 creatures vanquished.

Vanquished Creatures (others)
  8 hexers
  4 ancestors (D:8)
  An orc (Bailey)
  4 fungi (D:7)
17 creatures vanquished.

Grand Total: 358 creatures vanquished

Notes
Turn   | Place    | Note
-------+----------+-------------------------------------------
     0 | D:1      | Demosthentine the Demonspawn Gladiator began the quest for
                  | the Orb.
     0 | D:1      | Reached XP level 1. HP: 16/16 MP: 1/1
   128 | D:1      | Gained mutation: You are partially covered in icy blue
                  | scales. (AC +2) [demonic ancestry]
   128 | D:1      | Reached XP level 2. HP: 9/22 MP: 2/2
   788 | D:2      | Reached skill level 1 in Armour
   788 | D:2      | Gained mutation: You are mostly covered in icy blue scales.
                  | (AC +3) [demonic ancestry]
   788 | D:2      | Reached XP level 3. HP: 19/28 MP: 3/3
  1076 | D:2      | Noticed Sigmund
  1211 | D:2      | Killed Sigmund
  1212 | D:2      | Gained mutation: You sometimes gain a little power by
                  | taking damage. [demonic ancestry]
  1212 | D:2      | Reached XP level 4. HP: 30/35 MP: 4/4
  1212 | D:2      | Reached XP level 5. HP: 35/41 MP: 5/5
  1330 | D:2      | Noticed Jessica
  1333 | D:2      | Killed Jessica
  1342 | D:2      | Found a faded altar of an unknown god.
  1704 | D:3      | Gained mutation: Your touch may inflict minor irresistible
                  | damage on your foes. [demonic ancestry]
  1704 | D:3      | Reached XP level 6. HP: 24/47 MP: 6/6
  2773 | D:4      | Reached XP level 7. HP: 26/54 MP: 7/7
  2897 | D:4      | Found a staircase to the Ecumenical Temple.
  2975 | Temple   | Entered the Ecumenical Temple
  3320 | D:5      | Entered Level 5 of the Dungeon
  3622 | D:5      | Found a hazy altar of Hepliaklqana.
  4249 | D:5      | Became a worshipper of Hepliaklqana the Forgotten
  4366 | D:5      | Reached skill level 5 in Polearms
  4831 | D:5      | Gained mutation: Your flesh is heat resistant. (rF+)
                  | [potion of mutation]
  4831 | D:5      | Gained mutation: You are partially covered in large bone
                  | plates. (SH +4) [potion of mutation]
  4831 | D:5      | Gained mutation: You passively map a small area around you.
                  | [potion of mutation]
  4876 | D:6      | Noticed Eustachio
  4881 | D:6      | Reached skill level 5 in Fighting
  4881 | D:6      | Reached skill level 5 in Dodging
  4881 | D:6      | Reached XP level 8. HP: 50/62 MP: 8/8
  5063 | D:5      | Killed Eustachio
  5167 | D:6      | Found a sacrificial altar of Ru.
  5571 | D:6      | Reached * piety under Hepliaklqana
  5827 | D:6      | Noticed Prince Ribbit
  5843 | D:6      | Killed Prince Ribbit
  5844 | D:6      | Reached skill level 5 in Armour
  5865 | D:6      | Found a shimmering blue altar of Sif Muna.
  5899 | D:6      | Got Sif Muna's Guide on the Legion
  5908 | D:6      | Found an ancient bone altar of Kikubaaqudgha.
  5917 | D:6      | Gained mutation: A meltable shield of frost defends you.
                  | (SH +4) [demonic ancestry]
  5917 | D:6      | Reached XP level 9. HP: 51/62 MP: 9/9
  5923 | D:6      | Found a radiant altar of Vehumet.
  5996 | D:7      | Noticed Menkaure
  6005 | D:7      | Killed Menkaure
  6066 | D:7      | Noticed Pikel
  6078 | D:7      | Killed Pikel
  6283 | D:7      | Found a hide-covered altar of Uskayaw.
  7073 | D:8      | Reached skill level 1 in Invocations
  7103 | D:8      | Reached XP level 10. HP: 49/71 MP: 11/11
  7152 | D:8      | Noticed a cyan ugly thing
  7163 | D:8      | Killed a cyan ugly thing
  7526 | D:8      | Reached skill level 5 in Invocations
  7613 | D:8      | Noticed Joseph
  7615 | D:8      | Noticed a gargoyle
  7742 | D:8      | Reached ** piety under Hepliaklqana
  7743 | D:8      | Remembered your ancestor Rabi as a hexer
  8256 | D:8      | Killed a gargoyle
  8425 | D:8      | Killed Joseph
  8634 | D:9      | Reached XP level 11. HP: 57/78 MP: 15/15
  8678 | D:9      | Found a flagged portal.
  8717 | Bailey   | Entered a bailey
  9165 | Bailey   | Found an iron altar of Okawaru.
  9165 | Bailey   | Noticed an orc sorcerer
  9169 | Bailey   | Paralysed by an orc sorcerer for 2 turns
  9178 | Bailey   | Paralysed by an orc sorcerer for 5 turns
  9189 | Bailey   | Noticed a sixfirhy
  9197 | Bailey   | Noticed a sun demon
  9201 | Bailey   | Killed an orc sorcerer
  9458 | Bailey   | Noticed an orc knight
  9479 | Bailey   | Killed an orc knight
  9818 | D:9      | Found an iron altar of Okawaru.
  9865 | D:9      | Found a broken altar of Ashenzari.
  9910 | D:9      | Found a staircase to the Orcish Mines.
 10268 | D:9      | Acquired 419 gold pieces
 10292 | D:10     | Entered Level 10 of the Dungeon
 10323 | D:10     | Found a shimmering altar of Xom.
 10489 | D:10     | Reached skill level 1 in Shields
 10645 | D:10     | Reached *** piety under Hepliaklqana
 10645 | D:10     | Found a shadowy altar of Dithmenos.
 10815 | D:10     | Found a basalt altar of Yredelemnul.
 11144 | D:9      | Noticed an ice dragon
 11156 | D:9      | Killed an ice dragon
 11216 | D:9      | Noticed a frost giant
 11228 | D:9      | Killed from afar by a frost giant

Illustrated notes

Levels and vault maps discovered:
D:1:      minmay_arrival_shattered_statue, layout_rooms
D:2:      layout_basic, ebering_ecumenical_altar_sacrificial,
          nicolae_elevator_lobby_plus, uniq_jessica, uniq_sigmund
D:3:      layout_rooms, serial_glass, glass_columns_b, glass_columns_b,
          glass_columns_c, glass_columns_a, glass_columns_a, glass_columns_a,
          glass_columns_a, glass_columns_a, kennysheep_flooded_box
D:4:      layout_loops_ring, minmay_temple_entry_statues
D:5:      layout_layer_cave, nicolae_hepliaklqana_hazy_memory,
          hangedman_decor_opposing, st_stairs_2, grunt_ministairs_1,
          minmay_misc_feat_room, minmay_tree_intersection
D:6:      layout_basic, palyth_temple_overflow_mages,
          nicolae_ru_sacrificial_ziggurat, uniq_prince_ribbit1, uniq_eustachio
D:7:      kennysheep_steamy, layout_loops_ring, nicolae_uskayaw_dance_hall,
          uniq_menkaure, uniq_pikel
D:8:      minmay_quarter_circles, layout_basic, serial_curves, eino_curves_03,
          eino_curves_01, uniq_joseph
D:9:      minmay_twisted_water, layout_rooms, lemuel_doored_altar,
          okawaru_altar_gauntlet_db, kennysheep_orc_monster_closet_entryway,
          enter_bailey_5
D:10:     layout_cave_pools, mainiacjoe_overflow_small_starburst,
          yredelemnul_forgotten_temple_becter, nicolae_overflow_crystal_walls
Temple:   nicolae_temple_bog_church

Skill      XL: |  1  2  3  4  5  6  7  8  9 10 11 |
---------------+----------------------------------+-----
Polearms       | 3 4 5 6 7 8 9 |  9.4
Dodging        | 3 4 5 7 8 9 |  9.3
Armour         | 1 2 3 5 6 |  6.2
Fighting       | 3 4 5 6 7 8 9 |  9.9
Invocations    | 1 6 8 |  8.5
Shields        | 1 |  1.9
Throwing       | |  1.7

Action                     |  1- 3 |  4- 6 |  7- 9 | 10-12 || total
---------------------------+-------+-------+-------+-------++-------
  Melee: Trident           |   127 |   146 |   419 |   643 ||  1335
         Punch             |       |     1 |     4 |     3 ||     8
         Touch             |       |    15 |    58 |    94 ||   167
         Unarmed           |       |       |    28 |       ||    28
  Throw: Throwing net      |     1 |       |     2 |     1 ||     4
 Invoke: Ancestor Life: He |       |       |       |     1 ||     1
    Use: Scroll            |     5 |     4 |     7 |     7 ||    23
         Potion            |     1 |       |     5 |     6 ||    12
   Stab: Sleeping          |     3 |       |     1 |     3 ||     7
         Distracted        |       |     1 |     1 |     5 ||     7
         Held in net/web   |       |       |       |     2 ||     2
         Confused          |       |       |       |     6 ||     6
 Armour: Leather armour    |    59 |    39 |   134 |       ||   232
         Skin              |       |       |    12 |       ||    12
         Steam dragon scal |       |       |    20 |   161 ||   181
  Dodge: Dodged            |    87 |    84 |   312 |   245 ||   728
  Block: Other             |       |       |    79 |   117 ||   196

Table legend: (Time is in decaauts)
 A = Elapsed time spent in this place.
 B = Non-inter-level travel time spent in this place.
 C = Inter-level travel time spent in this place.
 D = Time resting spent in this place.
 E = Time spent auto-exploring this place.
 F = Levels seen in this place.
 G = Mean time per level.
                   A        B        C        D        E       F      G
               +--------+--------+--------+--------+--------+-----+--------+
         Total |  11220 |  10956 |    264 |    579 |   7821 |  12 |  935.0 |
       Dungeon |  10071 |   9808 |    263 |    538 |   6951 |  10 | 1007.1 |
        Temple |    194 |    194 |      0 |      0 |    169 |   1 |  194.0 |
        Bailey |    954 |    954 |      0 |     41 |    701 |   1 |  954.0 |
               +--------+--------+--------+--------+--------+-----+--------+

Top non-repeatable levels by time:
     D:5: 1600 daAuts
     D:8: 1558 daAuts
     D:7: 1052 daAuts
     D:6: 1049 daAuts
     D:9: 1022 daAuts
  Bailey: 954 daAuts
     D:2: 938 daAuts
     D:4: 852 daAuts
     D:1: 838 daAuts
    D:10: 628 daAuts
     D:3: 531 daAuts
  Temple: 194 daAuts
